 Dungeon Crawl Stone Soup version 0.25-a0-645-gb4487340cb (webtiles) character file.

Game seed: 6581460958020096321, levelgen mode: deterministic

42 An17 the Skirmisher (level 3, -3/28 HPs)
             Began as a Demonspawn Wanderer on Mar 21, 2020.
             Slain by Sigmund
             ... wielding a +0 scythe
              (8 damage)
             ... on level 2 of the Dungeon.
             The game lasted 00:03:30 (835 turns).

An17 the Skirmisher (Demonspawn Wanderer)            Turns: 835, Time: 00:03:30

Health: -3/28      AC:  8    Str: 15    XL:     3   Next: 33%
Magic:  3/3        EV:  9    Int: 14    God:
Gold:   70         SH:  0    Dex:  9    Spells: 2/2 levels left

rFire    . . .     SeeInvis .   a - +0 short sword
rCold    . . .     Gourm    .   (no shield)
rNeg     . . .     Faith    .   c - +2 scale mail
rPois    .         Spirit   .   (no helmet)
rElec    .         Reflect  .   (no cloak)
rCorr    .         Harm     .   (no gloves)
MR       .....                  (no boots)
Stlth    ..........             (no amulet)
HPRegen  0.09/turn              (no ring)
MPRegen  0.08/turn              (no ring)

@: no status effects
A: spiny 1
a: no special abilities


You were on level 2 of the Dungeon.
You were not hungry.

You visited 1 branch of the dungeon, and saw 2 of its levels.

You collected 70 gold pieces.

Inventory:

Hand Weapons
 a - a +0 short sword (weapon)
 f - a +2 vorpal hand axe
Armour
 c - a +2 scale mail (worn)
 g - a +0 chain mail
Scrolls
 b - 2 scrolls of teleportation
Potions
 e - 2 potions of stabbing
Comestibles
 d - 6 rations


   Skills:
 + Level 2.8 Fighting
 + Level 2.3 Short Blades
   Level 1.7 Maces & Flails
 + Level 2.4 Armour
 + Level 0.1 Dodging
   Level 1.0 Shields
   Level 1.0 Evocations


You had 2 spell levels left.
You didn't know any spells.
Your spell library was empty.

Dungeon Overview and Level Annotations

Branches:
Dungeon (2/15)

Altars:

Annotations:
D:2 Sigmund


Innate Abilities, Weirdness & Mutations

You are partially covered in sharp spines.


Message History

You feel less confused. Something hits you!
You hit something but do no damage. You miss something.
Something hits you but does no damage.
You barely miss something. Something completely misses you.
You hit something. You hit something but do no damage.
Something hits you but does no damage.
You hit something. Something hits you but does no damage.
Your scale mail prevents you from hitting something.
You barely miss something.
You hear some strange, mumbled words.
A magic dart appears from out of thin air!
The magic dart hits you but does no damage.
You closely miss something. Something hits you but does no damage.
You miss something. Something completely misses you.
You barely miss something. You hit something but do no damage.
Something hits you!
* * * LOW HITPOINT WARNING * * *
You closely miss something. Something hits you!
You die...

###########
#.........##=
#............
####......<..##.
................
...#.{@.........#
###†......##.#
.########..........
...........#..%..#
.....g.......#..##
(..#
#...........#..###.#
#...
.#.....)...........
...
#........)(.####.#
... #........##..#
.# #.


There were no monsters in sight!

Vanquished Creatures
  3 leopard geckos
  2 giant cockroaches (D:1)
  4 hobgoblins
  6 bats
  3 frilled lizards
  8 goblins
  5 kobolds
  4 rats (D:1)
35 creatures vanquished.

Notes
Turn   | Place    | Note
-------+----------+-------------------------------------------
     0 | D:1      | An17 the Demonspawn Wanderer began the quest for the Orb.
     0 | D:1      | An17 set off with the following items: a +0 short sword, a
                  | scroll of teleportation, a +2 scale mail, a ration
     0 | D:1      | Reached XP level 1. HP: 16/16 MP: 1/1
   241 | D:1      | Gained mutation: You are partially covered in sharp spines.
                  | [demonic ancestry]
   241 | D:1      | Reached XP level 2. HP: 18/23 MP: 2/2
   704 | D:2      | Reached XP level 3. HP: 26/28 MP: 3/3
   812 | D:2      | Noticed Sigmund
   835 | D:2      | Slain by Sigmund

Levels and vault maps discovered:
D:1:      ebering_trefoil_3fold, layout_loops_ring
D:2:      layout_rooms, nicolae_dithmenos_through_a_glass_darkly, uniq_sigmund

Skill      XL: |  1  2 |
---------------+-------+-----
Armour         | 2 |  2.4
Short Blades   | 2 |  2.3
Fighting       | |  2.8
Maces & Flails | |  1.7
Dodging        | |  0.1
Shields        | |  1.0
Evocations     | |  1.0

Action                   || total
-------------------------++-------
Melee: Short sword       ||   112
  Use: Scroll            ||     2
       Potion            ||     1
Armor: Scale mail        ||    52
Dodge: Dodged            ||    51

Table legend:
 A = Non-vault XP
 B = Vault XP
 C = Vault XP percentage of total XP
 D = Non-vault monster count
 E = Vault monster count
 F = Vault count percentage of total count
                 A         B        C        D         E       F
            +---------+---------+-------+---------+---------+-------
      Total |      60 |       0 |   0.0 |      35 |       0 |   0.0
            +---------+---------+-------+---------+---------+-------
        D:1 |      31 |       0 |   0.0 |      19 |       0 |   0.0
        D:2 |      29 |       0 |   0.0 |      16 |       0 |   0.0
            +---------+---------+-------+---------+---------+-------
